 Dungeon Crawl Stone Soup version 0.25.1-2-g60ff931df9 (webtiles) character file.

Game seed: 4554475803185870580

455 DildoBatman the Conjurer (level 7, -1/46 HPs)
             Began as a Formicid Wizard on Aug 17, 2020.
             Killed from afar by an orc wizard (12 damage)
             ... with a puff of flame
             ... on level 5 of the Dungeon.
             The game lasted 00:14:02 (5885 turns).

DildoBatman the Conjurer (Formicid Wizard)          Turns: 5885, Time: 00:14:02

Health: -1/46      AC:  2    Str: 11    XL:     7   Next: 26%
Magic:  7/11       EV: 12    Int: 20    God:
Gold:   256        SH:  0    Dex:  9    Spells: 5/12 levels left

rFire    . . .     SeeInvis +   a - +2 hand axe (elec)
rCold    . . .     Gourm    .   (no shield)
rNeg     + . .     Faith    .   l - +0 robe
rPois    .         Spirit   .   (helmet unavailable)
rElec    .         Reflect  .   (no cloak)
rCorr    .         Harm     .   (no gloves)
MR       .....                  (no boots)
Stlth    ++........             (no amulet)
HPRegen  0.15/turn              m - ring of positive energy
MPRegen  0.12/turn              (no ring)

@: no status effects
A: permanent stasis, dig shafts and tunnels, four strong arms, antennae 3
a: Dig, Shaft Self


You were on level 5 of the Dungeon.
You were not hungry.

You visited 2 branches of the dungeon, and saw 6 of its levels.

You collected 256 gold pieces.

Inventory:

Hand Weapons
 a - a +2 hand axe of electrocution (weapon)
 b - a +2 dagger of protection
Missiles
 c - 56 stones
 f - 34 arrows
 p - 8 boomerangs (quivered)
 q - 13 sling bullets
 s - 11 bolts
 y - 6 poisoned darts
Armour
 l - a +0 robe (worn)
Jewellery
 m - a ring of positive energy (left hand)
Scrolls
 h - a scroll of fog {unknown}
 n - 2 scrolls of fear
 o - a scroll of amnesia {unknown}
 w - 2 scrolls of immolation
 x - 6 scrolls of remove curse
Potions
 e - a potion of stabbing {unknown}
 i - a potion of curing {unknown}
 j - a potion of flight {unknown}
 r - 3 potions of degeneration {unknown}
 t - a potion of brilliance
 u - 4 potions of heal wounds {unknown}
Comestibles
 d - a chunk of flesh
 v - 9 rations


   Skills:
 - Level 1.7 Dodging
 - Level 2.4 Stealth
 - Level 3.2 Spellcasting
 * Level 5.6 Conjurations
   Level 1.0 Summonings
   Level 0.8 Translocations
 * Level 2.1 Fire Magic
 * Level 1.8 Air Magic


You had 5 spell levels left.
You knew the following spells:

 Your Spells              Type           Power        Failure   Level  Hunger
a - Conjure Flame         Conj/Fire      ###.....     9%          3    ###....
c - Magic Dart            Conj           ####         1%          1    None
e - Mephitic Cloud        Conj/Pois/Air  ##......     16%         3    ###....

Your spell library contained the following spells:

 Spells                   Type           Power        Failure   Level  Hunger
 Call Imp                 Summ           #.......     14%         2    ##.....
 Slow                     Hex            #.......     22%         2    ##.....
 Blink                    Tloc           Unusable     N/A         2    N/A

Dungeon Overview and Level Annotations

Branches:
Dungeon (5/15)             Temple (1/1) D:5

Altars:
Cheibriados
Elyvilon
Fedhas
Gozag
Hepliaklqana
Makhleb
Nemelex Xobeh
Okawaru
Ru
Trog
Vehumet
Wu Jian
Xom
Yredelemnul
Zin
The Shining One

Annotations:
D:2 exclusions: crimson imp and phantom
D:3 exclusions: crimson imp, orc, orc priest and 1 more exclusion
D:4 exclusions: hound, iguana and orc priest, Grinder, Ijyb


Innate Abilities, Weirdness & Mutations

You cannot be hasted, slowed, berserked, paralysed or teleported.
You can dig through walls and to a lower floor.
Your four strong arms can wield two-handed weapons with a shield.
You have a pair of large antennae on your head. (SInv)


Message History

The iguana bites you!
Casting: Magic Dart (safe; 1% risk of failure)
Confirm with . or Enter, or press ? or * to list all spells.
Aiming: Magic Dart (safe; 1% risk of failure)
Press: ? - help, Shift-Dir - straight line, f/p - iguana
Aim: an iguana (severely wounded)
The magic dart hits the iguana but does no damage.
The iguana is severely wounded.
The iguana bites you.
You see here a +0 trident.
Things that are here:
a cursed +0 scale mail a +0 club
There is an open door here.
The iguana bites you!
An orc wizard comes into view.
It is wielding a -3 dagger and carrying a wand of flame (13).
The orc wizard shouts!
The orc wizard zaps a wand.
The puff of flame hits you!
You die...

######.....# #.# ##
##≈#.###....# #.#### ...
#≈⌠≈.#⌠##...# #.[#?# ...
####.####.##÷.## ##.#.# ..
##.......###...# #)#.##.#
#...##^#⌠.⌠#...# #.)....#
###..#.≈.#^#...######'#####
#≈..≈≈.≈##.#...#........#
#.##.≈≈##≈⌠#...#@.......#
...##.^≈#≈.#...#..o.....#
##.)..≈≈#≈.#..##.l......#
##..##.#≈≈_#..##........#
#.#)#..≈.≈###.#......[...#
##..§.#≈).###.#........#.#
##.#...#≈..##..........#..#
##....#.########+####### .#
###.#.≈.#


You could see an iguana and an orc wizard.

Vanquished Creatures
  2 hounds (D:4)
  A bullfrog skeleton (D:5)
  An orc priest (D:5)
  A centaur skeleton (D:4)
  An orc wizard (D:4)
  2 iguanas (D:5)
  2 worker ants
  A killer bee zombie (D:5)
  A howler monkey skeleton (D:4)
  5 adders
  A shadow imp (D:5)
  An ooze (D:1)
  An adder skeleton (D:4)
  A worm (D:4)
  A dart slug (D:1)
  3 leopard geckos
  7 orcs
  A ball python (D:4)
  5 giant cockroaches
  9 hobgoblins
  11 jackals
  4 kobolds
  3 quokkas
  A ball python skeleton (D:5)
  7 bats
  9 frilled lizards
  A giant cockroach zombie (D:5)
  6 goblins
  5 rats
94 creatures vanquished.

Notes
Turn   | Place    | Note
-------+----------+-------------------------------------------
     0 | D:1      | DildoBatman the Formicid Wizard began the quest for the
                  | Orb.
     0 | D:1      | Reached XP level 1. HP: 13/13 MP: 4/4
    62 | D:1      | Reached skill level 1 in Conjurations
   145 | D:1      | Reached XP level 2. HP: 19/19 MP: 0/6
   379 | D:1      | Reached skill level 2 in Conjurations
   500 | D:1      | You fall into a shaft and drop 1 floor!
   512 | D:2      | Found a basalt altar of Yredelemnul.
   794 | D:1      | Reached XP level 3. HP: 20/24 MP: 0/7
   799 | D:1      | Learned a level 3 spell: Conjure Flame
   803 | D:1      | Learned a level 3 spell: Mephitic Cloud
  1582 | D:2      | Found a faded altar of an unknown god.
  1591 | D:2      | Reached skill level 3 in Conjurations
  1608 | D:2      | Reached XP level 4. HP: 26/30 MP: 0/8
  2080 | D:2      | Found a hazy altar of Hepliaklqana.
  2560 | D:3      | Reached skill level 4 in Conjurations
  2560 | D:3      | Reached XP level 5. HP: 35/35 MP: 4/9
  2994 | D:3      | Found a glowing golden altar of the Shining One.
  3489 | D:4      | Noticed Grinder
  3645 | D:4      | Noticed Ijyb
  3783 | D:4      | Reached skill level 5 in Conjurations
  3783 | D:4      | Reached XP level 6. HP: 36/41 MP: 2/10
  3878 | D:4      | Noticed a phantom
  4639 | D:5      | Entered Level 5 of the Dungeon
  4677 | D:5      | Reached skill level 1 in Fire Magic
  4736 | D:5      | Reached skill level 1 in Air Magic
  4994 | D:5      | Found a shimmering altar of Xom.
  5121 | D:5      | Found a staircase to the Ecumenical Temple.
  5126 | Temple   | Entered the Ecumenical Temple
  5393 | D:5      | Reached XP level 7. HP: 46/46 MP: 9/11
  5885 | D:5      | Killed from afar by an orc wizard

Illustrated notes

Levels and vault maps discovered:
D:1:      lemuel_arrival_room, layout_basic, minmay_cupped
D:2:      layout_loops_ring, marbit_many_paths, lemuel_coloured_pillars_altar,
          chequers_ecumenical_altar_island, minivault_26
D:3:      layout_basic, tso_altar
D:4:      layout_basic, grunt_temple_overflow_diamond,
          chequers_serial_rivers_small_3, uniq_grinder, uniq_ijyb
D:5:      layout_basic, temple_doors_ab, first_ration, tgw_xom
Temple:   oiseaux_autumnal_temple

Skill      XL: |  1  2  3  4  5  6  7 |
---------------+----------------------+-----
Conjurations   | 1 2 3 4 5 |  5.6
Fire Magic     | 1 2 |  2.1
Air Magic      | 1 |  1.8
Dodging        | |  1.7
Stealth        | |  2.4
Spellcasting   | |  3.2
Summonings     | |  1.0
Translocations | |  0.8

Action                   |  1- 3 |  4- 6 |  7- 9 || total
-------------------------+-------+-------+-------++-------
Melee: Club              |    15 |       |       ||    15
       Short sword       |     1 |    25 |       ||    26
       Hand axe          |       |       |     3 ||     3
Throw: Boomerang         |       |    12 |       ||    12
 Cast: Magic Dart        |    76 |   135 |    38 ||   249
       Mephitic Cloud    |       |     3 |     1 ||     4
       Conjure Flame     |       |     3 |       ||     3
 Abil: Dig               |       |     8 |     3 ||    11
  Use: Scroll            |       |     1 |     6 ||     7
  Eat: Chunk             |     1 |    14 |     2 ||    17
Armor: Robe              |     2 |     9 |     1 ||    12
Dodge: Dodged            |    13 |    49 |     9 ||    71
